 Dungeon Crawl Stone Soup version 0.28-a0-881-gae16bb6c82 (webtiles) character file.

Game seed: 2529866502252373893

541 Froggeryz the Cudgeller (level 7, -4/40 HPs)
             Began as a Gargoyle Warper on Nov 21, 2021.
             Slain by a black bear (11 damage)
             ... on level 4 of the Dungeon.
             The game lasted 00:02:50 (4523 turns).

Froggeryz the Cudgeller (Gargoyle Warper)           Turns: 4523, Time: 00:02:51

Health: -4/40      AC: 11    Str: 17    XL:     7   Next: 26%
Magic:  10/10      EV: 10    Int: 13    God:
Gold:   198        SH:  0    Dex:  9    Spells: 10/10 levels left

rFire   . . .      SeeInvis .   a - +0 mace
rCold   . . .      Faith    .   (no shield)
rNeg    + . .      Spirit   .   l - +0 ring mail
rPois   ∞          Reflect  .   (no helmet)
rElec   +          Harm     .   (no cloak)
rCorr   .          Rampage  .   (no gloves)
Will    .....                   b - +0 pair of boots
Stlth   ..........              (no amulet)
HPRegen 0.13/turn               (no ring)
MPRegen 0.12/turn               (no ring)

@: no status effects
A: sickness immunity, AC +4, negative energy resistance 1, electricity
resistance, torment resistance 1, petrification resistance
a: no special abilities


You were on level 4 of the Dungeon.
You visited 1 branch of the dungeon, and saw 4 of its levels.

You collected 198 gold pieces.

Inventory:

Hand Weapons
 a - a +0 mace (weapon)
Missiles
 d - 5 boomerangs of dispersal
 e - 15 poisoned darts (quivered)
Armour
 b - a +0 pair of boots (worn)
 l - a +0 ring mail (worn)
Scrolls
 c - a scroll of blinking
 f - a scroll of enchant weapon
 i - a scroll of immolation
Potions
 g - a potion of heal wounds
 h - a potion of degeneration {unknown}
 j - a potion of ambrosia {unknown}
 k - a potion of attraction


   Skills:
 - Level 2.1 Fighting
 + Level 7.7 Maces & Flails
 * Level 1.2 Throwing
 - Level 1.1 Armour
 - Level 1.5 Dodging
 - Level 2.0 Spellcasting
 - Level 2.6 Translocations


You had 10 spell levels left.
You didn't know any spells.
Your spell library contained the following spells:

 Spells                   Type           Power      Damage    Failure   Level
 Blink                    Tloc           16%        N/A       24%         2
 Gell's Gravitas          Tloc           8%         N/A       43%         3
 Lesser Beckoning         Tloc           8%         N/A       43%         3
 Teleport Other           Tloc           8%         N/A       43%         3
 Manifold Assault         Tloc           8%         N/A       99%         5


Dungeon Overview and Level Annotations

Branches:
Dungeon (4/15)
 Temple: D:4-7

Altars:
Nemelex Xobeh


Innate Abilities, Weirdness & Mutations

You are immune to sickness and miasma.
Your stone body is resilient. (AC +4)
You are immune to poison.
You resist negative energy. (rN+)
You are resistant to electric shocks. (rElec)
You are resistant to unholy torment.
You are immune to petrification.


Message History

Press: ? - help, Q - select action, (/) - cycle Shift-Dir - straight line, f/p - black bear
Aim: a black bear (heavily wounded, 62% to hit)
You throw a poisoned dart. The poisoned dart hits the black bear.
The black bear is heavily wounded.
The black bear bites you. The black bear barely misses you.
The black bear closely misses you.
Throw: 18 darts (poison)
Press: ? - help, Q - select action, (/) - cycle Shift-Dir - straight line, f/p - black bear
Aim: a black bear (heavily wounded, 62% to hit)
You throw a poisoned dart. The poisoned dart hits the black bear.
The black bear is poisoned.
The black bear is heavily wounded.
The black bear bites you. The black bear completely misses you.
The black bear claws you but does no damage.
Throw: 17 darts (poison)
Press: ? - help, Q - select action, (/) - cycle Shift-Dir - straight line, f/p - black bear
Aim: a black bear (severely wounded, poisoned, 62% to hit)
You throw a poisoned dart. The poisoned dart hits the black bear.
The black bear looks even sicker.
The black bear is severely wounded.
The black bear barely misses you. The black bear claws you. x2
Throw: 16 darts (poison)
Press: ? - help, Q - select action, (/) - cycle Shift-Dir - straight line, f/p - black bear
Aim: a black bear (severely wounded, very poisoned, 62% to hit)
You throw a poisoned dart. The poisoned dart hits the black bear.
The black bear looks even sicker.
The black bear is severely wounded.
The black bear goes berserk!
You are too injured to fight recklessly!
You are too injured to fight recklessly!
You are too injured to fight recklessly!
You are too injured to fight recklessly!
You hit the black bear.
The black bear is almost dead.
The black bear bites you!
* * * LOW HITPOINT WARNING * * *
The black bear misses you. The black bear claws you.
* * * LOW HITPOINT WARNING * * *
The black bear bites you!
You die...

##.##........#######...###.
#.........#.## #..### ##
#.#.......#.# #..#
#.#.......#.# #..##
#.#.....<...# #..
##.#.......### #...
#..........(# .....
#.......###h# .....
#.......# #@##......
#.......# #.........
#...##### ###....... #####
....... >...... .......
....... ....... .......


You could see a black bear (berserk, very poisoned).

Vanquished Creatures
  A scorpion (D:3)
  2 vampire bats (D:3)
  A centaur zombie (D:4)
  A hound (D:4)
  An orc priest (D:3)
  An orc wizard (D:3)
  3 adders
  A worm (D:2)
  3 orcs (D:3)
  5 ball pythons
  4 endoplasms
  6 giant cockroaches
  4 goblins
  8 hobgoblins
  6 quokkas
  11 bats
  2 frilled lizards
  4 kobolds
  2 rats
66 creatures vanquished.

Vanquished Creatures (collateral kills)
  Grinder (D:3)
1 creature vanquished.

Grand Total: 67 creatures vanquished

Notes
Turn   | Place    | Note
-------+----------+-------------------------------------------
     0 | D:1      | Froggeryz the Gargoyle Warper began the quest for the Orb.
     0 | D:1      | Reached XP level 1. HP: 12/12 MP: 3/3
   164 | D:1      | Found a faded altar of an unknown god.
   710 | D:1      | Reached XP level 2. HP: 5/17 MP: 5/5
  1045 | D:1      | Reached skill level 3 in Maces & Flails
  1674 | D:2      | Reached XP level 3. HP: 16/21 MP: 6/6
  2006 | D:2      | Found a sparkling altar of Nemelex Xobeh.
  2805 | D:3      | Reached skill level 4 in Maces & Flails
  3049 | D:3      | Reached XP level 4. HP: 23/26 MP: 7/7
  3183 | D:3      | Noticed Grinder
  3185 | D:3      | Paralysed by Grinder for 4 turns
  3195 | D:3      | Killed Grinder
  3196 | D:3      | Reached skill level 6 in Maces & Flails
  3196 | D:3      | Reached XP level 5. HP: 19/30 MP: 8/8
  3196 | D:3      | Reached XP level 6. HP: 22/35 MP: 9/9
  3710 | D:4      | Reached skill level 7 in Maces & Flails
  3798 | D:4      | Noticed a black bear
  3823 | D:3      | Reached XP level 7. HP: 18/40 MP: 10/10
  4511 | D:4      | Reached skill level 1 in Throwing
  4523 | D:4      | Slain by a black bear

Illustrated notes

Levels and vault maps discovered:
D:1:      dpeg_arrival_signposts, layout_loops_corners,
          ebering_ecumenical_altar_abandoned
D:2:      layout_basic, basic_altar
D:3:      layout_basic, roderic_batcave, grunt_ministairs_13,
          lemuel_another_geyser, uniq_grinder
D:4:      layout_rooms

Skill      XL: |  1  2  3  4  5  6  7 |
---------------+----------------------+-----
Maces & Flails | 3 4 6 7 |  7.7
Throwing       | 1 |  1.2
Fighting       | |  2.1
Armour         | |  1.1
Dodging        | |  1.5
Spellcasting   | |  2.0
Translocations | |  2.6

Action                   |  1- 3 |  4- 6 |  7- 9 || total
-------------------------+-------+-------+-------++-------
Melee: Mace              |   146 |    86 |    62 ||   294
Throw: Dart              |       |       |     5 ||     5
  Use: Scroll            |       |     2 |     3 ||     5
Armor: Leather armour    |    54 |       |       ||    54
       Ring mail         |     8 |    87 |    51 ||   146
Dodge: Dodged            |    91 |    76 |    41 ||   208

Table legend: (Time is in decaauts)
 A = Elapsed time spent in this place.
 B = Non-inter-level travel time spent in this place.
 C = Inter-level travel time spent in this place.
 D = Time resting spent in this place.
 E = Time spent auto-exploring this place.
 F = Levels seen in this place.
 G = Mean time per level.
                   A        B        C        D        E       F      G
               +--------+--------+--------+--------+--------+-----+--------+
         Total |   4569 |   4442 |    127 |    869 |   2951 |   4 | 1142.2 |
       Dungeon |   4569 |   4442 |    127 |    869 |   2951 |   4 | 1142.2 |
               +--------+--------+--------+--------+--------+-----+--------+

Top non-repeatable levels by time:
     D:1: 1575 daAuts
     D:3: 1559 daAuts
     D:2: 1162 daAuts
     D:4: 273 daAuts
